 Dungeon Crawl Stone Soup version 0.19.0-9-gfd783f2 (webtiles) character file.

425 Gingerlord the Cudgeler (level 6, 0/66 HPs)
             Began as an Ogre Wanderer on Nov 7, 2016.
             Was a Follower of Okawaru.
             Slain by an ogre
             ... wielding a +0 giant spiked club
              (25 damage)
             ... on level 4 of the Dungeon.
             The game lasted 00:08:29 (4562 turns).

Gingerlord the Cudgeler (Ogre Wanderer)             Turns: 4562, Time: 00:08:29

Health: 0/66       AC:  6    Str: 22    XL:     6   Next: 96%
Magic:  6/6        EV: 11    Int: 11    God:    Okawaru [*.....]
Gold:   208        SH:  0    Dex: 10    Spells: 0 memorised, 5 levels left

rFire  . . .     SeeInvis .     h - +0 giant spiked club
rCold  . . .     Gourm    .     c - +0 robe
rNeg   . . .     Faith    .     (shield currently unavailable)
rPois  .         Spirit   .     (helmet restricted)
rElec  .         Reflect  .     s - +0 cloak (curse)
rCorr  .         Harm     .     (gloves unavailable)
MR     .....     Clarity  +     (boots unavailable)
Stlth  +.........               (no amulet)
                                (no ring)
                                e - +5 ring of strength

@: no status effects
A: unfitting armour, slimy green scales 1, clarity, deterioration 1, tough skin
1, weak 1, MP-powered wands
a: Heroism, Renounce Religion


You were on level 4 of the Dungeon.
You worshipped Okawaru.
Okawaru was aware of your devotion.
You were hungry.

You visited 1 branch of the dungeon, and saw 4 of its levels.

You collected 234 gold pieces.
You spent 26 gold pieces at shops.

Inventory:

Hand Weapons
 h - a +0 giant spiked club (weapon)
 l - a +3 mace of venom
 r - a +0 mace
Armour
 c - a +0 robe (worn)
 s - a cursed +0 cloak (worn)
Jewellery
 e - a +5 ring of strength (left hand)
Wands
 g - a wand of digging (8/24)
 o - a wand of slowing (39/48)
Scrolls
 a - 4 scrolls of identify
 b - a scroll of noise {unknown}
 d - 4 scrolls of recharging {unknown}
 i - 2 scrolls of enchant weapon {unknown}
 j - 2 scrolls of teleportation {unknown}
 k - 4 scrolls of remove curse {unknown}
 m - a scroll of amnesia {unknown}
 p - a scroll of enchant armour {unknown}
 q - 2 scrolls of magic mapping {unknown}
Comestibles
 f - 2 bread rations
 n - 2 meat rations
 t - 2 fruits


   Skills:
 + Level 5.4 Fighting
 + Level 6.3 Maces & Flails
 - Level 1.0 Throwing
 + Level 3.7 Dodging
 - Level 1.0 Stealth
   Level 1.0 Necromancy
   Level 1.3 Translocations


You had 5 spell levels left.
You didn't know any spells.

Dungeon Overview and Level Annotations

Branches:
Dungeon (4/15)
 Temple: D:4-7

Altars:
Cheibriados
Okawaru
Trog

Shops:
D:4 ?

Annotations:
D:2 1 runed door
D:3 shinino's ghost, amateur HEAr


Innate Abilities, Weirdness & Mutations

You are too large for most types of armour.
You have tough skin. (AC +1)
You are partially covered in slimy green scales. (AC +2)
You possess an exceptional clarity of mind.
Your body sometimes deteriorates upon taking damage.
You are weak. (Str -2)
You expend magic power (3 MP) to strengthen your wands.


Message History

Unknown command.
You feel sick.
You completely miss the adder.
The adder is heavily wounded.
The adder bites you. The ogre misses you. The adder bites you. x2
Unknown command.
You closely miss the ogre.
The ogre is heavily wounded.
The ogre hits you with a giant spiked club.
The adder closely misses you. x2; The ogre closely misses you.
Unknown command.
You feel sick. The adder bites you but does no damage.
You miss the adder.
The adder is heavily wounded.
You feel sick.
You are no longer poisoned.
The adder closely misses you.
The ogre hits you with a giant spiked club!!
You die...

.......<...#.....#
#............#.....#
#............#.....#
#...####..##+#.....######
#...####..#..............
#.........#..............
#.........#..............
#.........#..............
#......S@.#..............
#......O..#..............
#.........#..............
#...##...## .............
#... #+### ...#+#######
#... #... #... #...


You could see an ogre and an adder.

Vanquished Creatures
  An ogre (D:4)
  A howler monkey (D:4)
  An orc priest (D:4)
  3 orc wizards (D:4)
  A centaur skeleton (D:4)
  A hound skeleton (D:4)
  2 gnolls (D:3)
  4 adders (D:2)
  3 worms
  9 dart slugs
  3 orcs
  13 bats
  4 giant cockroaches
  4 hobgoblins
  2 jackals (D:1)
  5 kobolds
  A quokka (D:4)
  13 frilled lizards
  9 goblins
  4 rats
84 creatures vanquished.

Notes
Turn   | Place    | Note
-------+----------+-------------------------------------------
     0 | D:1      | Gingerlord the Ogre Wanderer began the quest for the Orb.
     0 | D:1      | Gingerlord set off with: 4 curare-tipped needles, a +2 blowgun, a +0 robe, the Guide on Evil Magic, a bread ration
     0 | D:1      | Reached XP level 1. HP: 19/19 MP: 1/1
   179 | D:1      | Reached XP level 2. HP: 24/29 MP: 2/2
   864 | D:1      | Reached XP level 3. HP: 33/36 MP: 3/3
  1325 | D:2      | Reached XP level 4. HP: 33/45 MP: 4/4
  1750 | D:2      | Found a runed door.
  2326 | D:3      | Found a snail-covered altar of Cheibriados.
  2342 | D:3      | Gained mutation: You expend magic power (3 MP) to strengthen your wands. [potion of mutation]
  2342 | D:3      | Gained mutation: You are weak. (Str -2) [potion of mutation]
  2592 | D:3      | Reached skill level 5 in Maces & Flails
  2693 | D:3      | Reached XP level 5. HP: 54/54 MP: 5/5
  2740 | D:3      | Noticed shinino's ghost (amateur HEAr)
  3023 | D:2      | Gained mutation: Your body sometimes deteriorates upon taking damage. [potion of mutation]
  3023 | D:2      | Gained mutation: You are partially covered in slimy green scales. (AC +2) [potion of mutation]
  3023 | D:2      | Gained mutation: You possess an exceptional clarity of mind. [potion of mutation]
  3316 | D:3      | Found a bloodstained altar of Trog.
  3773 | D:4      | Found an iron altar of Okawaru.
  3781 | D:4      | Became a worshipper of Warmaster Okawaru
  3856 | D:4      | Found Vehy's Magic Scroll Boutique.
  3884 | D:4      | Reached XP level 6. HP: 9/63 MP: 6/6
  4196 | D:4      | Bought a scroll of identify for 26 gold pieces
  4231 | D:4      | Reached skill level 5 in Fighting
  4273 | D:4      | Reached skill level 6 in Maces & Flails
  4290 | D:4      | Reached * piety under Okawaru
  4562 | D:4      | Slain by an ogre

Skill      XL: |  1  2  3  4  5  6 |
---------------+-------------------+-----
Fighting       | 2 3 4 5 |  5.4
Dodging        | 2 3 |  3.7
Maces & Flails | 5 6 |  6.3
Throwing       | |  1.0
Stealth        | |  1.0
Necromancy     | |  1.0
Translocations | |  1.3

Action                   |  1- 3 |  4- 6 || total
-------------------------+-------+-------++-------
Melee: Club              |   125 |       ||   125
       Unarmed           |     4 |       ||     4
       Mace              |    12 |   218 ||   230
       Giant spiked club |       |    12 ||    12
 Fire: Blowgun           |     7 |       ||     7
  Use: Potion            |       |     7 ||     7
 Stab: Sleeping          |     1 |     2 ||     3
  Eat: Chunk             |       |    10 ||    10
       Beef jerky        |       |     1 ||     1
Armor: Robe              |    80 |    89 ||   169
Dodge: Dodged            |   121 |   151 ||   272
